 Dungeon Crawl Stone Soup version 0.30-a0-310-g7d6cbdfea6 (webtiles) character file.

Game seed: 17501490055052419151

222 timneilson the Covered (level 5, -3/49 HPs)
             Began as a Gargoyle Fighter on Oct 24, 2022.
             Slain by an ogre
             ... wielding a +0 giant spiked club
              (18 damage)
             ... on level 4 of the Dungeon.
             The game lasted 00:05:04 (2463 turns).

timneilson the Covered (Gargoyle Fighter)           Turns: 2463, Time: 00:05:05

Health: -3/49      AC: 12    Str: 21    XL:     5   Next: 99%
Magic:  5/5        EV:  9    Int:  9    God:
Gold:   193        SH:  4    Dex:  9    Spells: 4/4 levels left

rFire   . . .      SeeInvis .    a - +0 long sword
rCold   . . .      Faith    .    c - +0 buckler
rNeg    + . .      Spirit   .    b - +0 scale mail
rPois   ∞          Reflect  .    k - +0 helmet
rElec   +          Harm     .    (no cloak)
rCorr   .          Rampage  .    (no gloves)
Will    .....                    (no boots)
Stlth   ..........               (no amulet)
HPRegen 0.28/turn                (no ring)
MPRegen 0.09/turn                (no ring)

@: berserking, very quick
A: sickness immunity, AC +4, negative energy resistance 1, electricity
resistance, torment resistance 1, petrification resistance
a: no special abilities


You were on level 4 of the Dungeon.
You visited 1 branch of the dungeon, and saw 4 of its levels.

You collected 193 gold pieces.

Inventory:

Hand Weapons
 a - a +0 long sword (weapon)
Armour
 b - a +0 scale mail (worn)
 c - a +0 buckler (worn)
 k - a +0 helmet (worn)
Wands
 i - a wand of roots (8)
Scrolls
 f - 6 scrolls of identify
 l - a scroll of teleportation
Potions
 d - 2 potions of might
 g - 3 potions of curing
 j - a potion of cancellation


   Skills:
 + Level 3.9 Fighting
 * Level 3.2 Long Blades
 * Level 4.5 Armour
 + Level 1.3 Dodging
 * Level 4.4 Shields


You had 4 spell levels left.
You didn't know any spells.
Your spell library was empty.

Dungeon Overview and Level Annotations

Branches:
Dungeon (4/15)
 Temple: D:4-7

Altars:
The Shining One

Shops:
D:3 =   D:4 (


Innate Abilities, Weirdness & Mutations

You are immune to sickness and miasma.
Your stone body is resilient. (AC +4)
You are immune to poison.
You resist negative energy. (rN+)
You are resistant to electric shocks. (rElec)
You are resistant to unholy torment.
You are immune to petrification.


Message History

The orc closely misses you.
You slash the orc!
You kill the orc!
The iguana hisses angrily.
Items here: ( )))))))) [[[[ ††††††.
The iguana attacks as you move away! The iguana bites you.
You slash the iguana!
The iguana is heavily wounded.
The iguana barely misses you.
You slash the iguana!
You kill the iguana!
Items here: ( )))))))) [[[[ †††††††.
Found a stone staircase leading down.
Items here: ( )))))))) [[[[ †††††††.
Okay, then.
f - 6 scrolls of identify (gained 1)
You open the door.
Found Ruenlyu's Weapon Boutique.
There is an open door here.
There is an entrance to Ruenlyu's Weapon Boutique here.
You can access your shopping list by pressing '$'.
Unknown command.
You open the door.
Found a stone staircase leading up.
There is an open door here.
You now have 193 gold pieces (gained 11).
Found an escape hatch in the ceiling.
There is a stone staircase leading up here.
An ogre comes into view. It is wielding a +0 giant spiked club.
A red film seems to cover your vision as you go berserk!
You feel yourself moving faster!
You feel mighty!
You feel a strong urge to attack something.
The ogre hits you with a +0 giant spiked club!!
Ouch! That really hurt!
You hit the ogre.
The ogre is lightly wounded.
You slash the ogre!
The ogre is severely wounded.
The ogre hits you with a +0 giant spiked club!!
You die...

###.###.#.#.#
#####...# #.
#.###...#.#### #...#
#. ###..........#
#...# #. #.≈≈≈≈≈≈≈..#
#...######
#...≈≈≈≈≈≈.# #......#
#.8...._≈≈.# ##.....#
#...≈≈≈≈≈≈.# #.....#
#.≈≈≈≈≈≈≈..#####.....#
#......@......##.....#
#.....O######.########
# #...... #..## #
#...... ##..# #
#...... ##.## #
####### #..#######
##...#.... ###...###
##..##.


You could see an ogre.

Vanquished Creatures
  A necrophage (D:3)
  An iguana (D:4)
  3 gnolls (D:2)
  3 adders (D:2)
  2 dart slugs
  9 orcs (D:4)
  3 bats
  9 endoplasms
  3 giant cockroaches
  A hobgoblin (D:3)
  2 jackals (D:2)
  10 ball pythons
  4 frilled lizards
  5 goblins
  6 kobolds
  2 rats
64 creatures vanquished.

Notes
Turn   | Place    | Note
-------+----------+-------------------------------------------
     0 | D:1      | timneilson the Gargoyle Fighter began the quest for the
                  | Orb.
     0 | D:1      | Reached XP level 1. HP: 14/14 MP: 1/1
   287 | D:1      | Reached XP level 2. HP: 19/19 MP: 2/2
   822 | D:2      | Reached XP level 3. HP: 22/23 MP: 3/3
  1210 | D:2      | Reached XP level 4. HP: 28/28 MP: 4/4
  1328 | D:2      | Identified the +0 ring mail "Ledyajam" {rC++ rN+}
  1532 | D:3      | Reached skill level 1 in Dodging
  1616 | D:3      | Found Boggycim's Jewellery Shoppe.
  1636 | D:3      | Noticed a necrophage
  1671 | D:3      | Killed a necrophage
  1672 | D:3      | Reached XP level 5. HP: 18/33 MP: 5/5
  2246 | D:4      | Found a glowing golden altar of the Shining One.
  2417 | D:4      | Found Ruenlyu's Weapon Boutique.
  2458 | D:4      | Noticed an ogre
  2463 | D:4      | Slain by an ogre

Illustrated notes

Levels and vault maps discovered:
D:1:      mrwooster_arrival_arrow, layout_loops_cross, palyth_stone_intersect,
          minmay_misc_feat_diagonals, minmay_misc_feat_ornament
D:2:      layout_rooms, serial_park_tiny_2, minmay_pentomino_v2
D:3:      layout_basic, serial_shops, shop, minivault_14
D:4:      layout_basic, mainiacjoe_overflow_catwalk, serial_glass,
          glass_columns_b, glass_columns_b, glass_columns_b, glass_columns_a,
          item_on_display_a, serial_shops, kennysheep_mini_moat,
          grunt_ministairs_9, uniq_pikel

Skill      XL: |  1  2  3  4  5 |
---------------+----------------+-----
Long Blades    | 2 3 |  3.2
Armour         | 4 |  4.5
Shields        | 4 |  4.4
Dodging        | 1 |  1.3
Fighting       | |  3.9

Action                   |  1- 3 |  4- 6 || total
-------------------------+-------+-------++-------
Melee: Long sword        |   133 |   131 ||   264
  Use: Scroll            |     4 |     4 ||     8
       Potion            |       |     1 ||     1
Armor: Scale mail        |    77 |    56 ||   133
Dodge: Dodged            |    63 |    41 ||   104
Block: Buckler           |    23 |    23 ||    46

Table legend: (Time is in decaauts)
 A = Elapsed time spent in this place.
 B = Non-inter-level travel time spent in this place.
 C = Inter-level travel time spent in this place.
 D = Time resting spent in this place.
 E = Time spent auto-exploring this place.
 F = Levels seen in this place.
 G = Mean time per level.
                   A        B        C        D        E       F      G
               +--------+--------+--------+--------+--------+-----+--------+
         Total |   2544 |   2466 |     78 |      0 |   1818 |   4 |  636.0 |
       Dungeon |   2544 |   2466 |     78 |      0 |   1818 |   4 |  636.0 |
               +--------+--------+--------+--------+--------+-----+--------+

Top non-repeatable levels by time:
     D:2: 776 daAuts
     D:1: 738 daAuts
     D:3: 728 daAuts
     D:4: 301 daAuts
